 Dungeon Crawl Stone Soup version 0.30.1-4-g462c640d31 (webtiles) character file.

Game seed: 3491197949567089376

139776 GeoRichter the Brawler (level 17, -14/159 HPs)
             Began as a Ghoul Warper on Aug 17, 2023.
             Was the Champion of Makhleb.
             Demolished by a broodmother (36 damage)
             ... on level 1 of the Spider Nest on Aug 22, 2023.
             The game lasted 00:51:00 (27342 turns).

GeoRichter the Brawler (Ghoul Warper)              Turns: 27342, Time: 00:51:00

Health: -14/159    AC: 23    Str: 23    XL:     17   Next: 29%
Magic:  25/25      EV: 10    Int: 10    God:    Makhleb [******]
Gold:   774        SH: 11    Dex:  8    Spells: 19/19 levels left

rFire   + .          .
                       - Unarmed
rCold   + . .        j - +2 kite shield of Tartarus {Will+ Regen+ Slay-2}
rNeg    + + +        V - +5 ring mail of the Jabberwock {Int+2 Slay+3}
rPois   ∞            M - +0 helmet
rElec   .            (no cloak)
rCorr   .            Z - +2 pair of gloves
SInv    .            z - +1 pair of boots of Submission {rPois rF+}
Will    ++...        (no amulet) Stlth
                     n - +4 ring of slaying
HPRegen 0.00/turn    g - +4 ring of protection
MPRegen 0.19/turn

%: no passive effects
@: inhibited regen
A: claws 1, cold resistance 1, negative energy resistance 3, inhibited
regeneration, torment resistance 2, devour on kill
a: Renounce Religion, Minor Destruction, Lesser Servant of Makhleb, Major
Destruction, Greater Servant of Makhleb


You were on level 1 of the Spider Nest.
You worshipped Makhleb.
Makhleb was exalted by your worship.
You visited 5 branches of the dungeon, and saw 25 of its levels.

You collected 2017 gold pieces.
You spent 1243 gold pieces at shops.

Inventory:

Missiles
 c - 7 boomerangs of dispersal {!f}
 B - a throwing net {!f}
 F - 20 javelins
 P - 5 curare-tipped darts {!f}
Armour
 j - the +2 kite shield of Tartarus (worn) {Will+ Regen+ Slay-2}
   (You bought it in a shop on level 2 of the Orcish Mines)

   Slay:      It affects your accuracy & damage with ranged weapons and melee
   (-2).
   Regen:     It increases your rate of health regeneration.
   Will:      It increases your willpower.
 l - the +3 hat of Pondering {ponderous, Will+ MP+10 Int+5}
   (You took it off Gastronok on level 2 of the Lair of Beasts)

   Int:       It affects your intelligence (+5).
   MP:        It affects your magic capacity (+10).
   Will:      It increases your willpower.
 q - the +4 ring mail "Sumytuss" {rElec rCorr MP+9 Str-5}
   (You found it on level 8 of the Dungeon)

   Str:       It affects your strength (-5).
   rElec:     It insulates you from electricity.
   MP:        It affects your magic capacity (+9).
   rCorr:     It protects you from acid and corrosion.
 z - the +1 pair of boots of Submission (worn) {rPois rF+}
   (You found it on level 4 of the Dungeon)

   rF:        It protects you from fire.
   rPois:     It protects you from poison.
 M - a +0 helmet (worn)
   (You found it on level 8 of the Dungeon)
 O - a +2 pair of boots
   (You found it on level 9 of the Dungeon)
 V - the +5 ring mail of the Jabberwock (worn) {Int+2 Slay+3}
   (You found it on level 13 of the Dungeon)

   Int:       It affects your intelligence (+2).
   Slay:      It affects your accuracy & damage with ranged weapons and melee
   (+3).
 Z - a +2 pair of gloves (worn)
   (You found it on level 2 of the Spider Nest)
Jewellery
 g - a +4 ring of protection (right hand)
   (You found it on level 5 of the Lair of Beasts)
 n - a +4 ring of slaying (left hand)
   (You found it on level 1 of the Dungeon)
 L - the ring of Liveho {*Slow rElec rC- EV+5 Str+8}
   (You acquired it on level 14 of the Dungeon)

   [ring of evasion]

   EV:        It affects your evasion (+5).
   Str:       It affects your strength (+8).
   rC:        It makes you vulnerable to cold.
   rElec:     It insulates you from electricity.
   *Slow:     It may slow you when you take damage.
 T - a ring of see invisible
   (You found it on level 3 of the Lair of Beasts)
Wands
 A - a wand of polymorph (8)
   (You found it on level 2 of the Lair of Beasts)
 C - a wand of iceblast (17)
   (You found it on level 4 of the Dungeon)
 G - a wand of digging (3)
   (You found it on level 15 of the Dungeon)
 I - a wand of mindburst (8)
   (You found it on level 12 of the Dungeon)
 K - a wand of paralysis (18)
   (You found it on level 7 of the Dungeon)
 W - a wand of acid (10)
   (You found it on level 14 of the Dungeon)
Scrolls
 a - 3 scrolls of immolation {!r}
 b - 6 scrolls of blinking
 d - 14 scrolls of teleportation {@r4}
 m - 5 scrolls of enchant armour
 o - 2 scrolls of brand weapon
 p - 2 scrolls of poison
 r - 2 scrolls of fear
 t - 6 scrolls of amnesia
 u - 5 scrolls of noise {!r}
 v - 6 scrolls of enchant weapon
 y - 4 scrolls of fog
 D - 2 scrolls of torment
 E - 9 scrolls of magic mapping
 N - 2 scrolls of silence
 Q - 3 scrolls of vulnerability {!r}
 Y - 2 scrolls of identify {@r1}
Potions
 e - 8 potions of curing {@q1}
 f - 9 potions of cancellation
 h - 2 potions of resistance {unknown}
 i - 5 potions of attraction {!q}
 k - 5 potions of heal wounds {@q2}
 s - 5 potions of flight {unknown}
 w - a potion of invisibility {unknown}
 x - 6 potions of ambrosia
 H - 3 potions of haste {unknown}
 J - 4 potions of brilliance
 R - 2 potions of berserk rage {unknown}
 U - 3 potions of magic {unknown}
 X - a potion of might


   Skills:
 + Level 16.3 Fighting
 - Level 8.9 Throwing
 + Level 10.0 Armour
 - Level 1.7 Dodging
 - Level 7.0 Shields
 + Level 20.0 Unarmed Combat
 - Level 1.7 Spellcasting
 - Level 2.6 Translocations
 * Level 12.5 Invocations
 - Level 3.0 Evocations


You had 19 spell levels left.
You didn't know any spells.
Your spell library contained the following spells:

 Spells                   Type           Power      Damage    Failure   Level
 Blink                    Tloc           12%        N/A       41%         2
 Lesser Beckoning         Tloc           12%        N/A       41%         2
 Momentum Strike          Conj/Tloc      6%         3d8       61%         2
 Foxfire                  Conj/Fire      0%         2x1d4     65%         1
 Shock                    Conj/Air       0%         1d3       65%         1
 Teleport Other           Tloc           6%         N/A       65%         3
 Scorch                   Fire           0%         2d5       80%         2
 Static Discharge         Conj/Air       0%         2-2/arc   80%         2
 Vhi's Electric Charge    Tloc/Air       6%         N/A       83%         3
 Swiftness                Air            0%         N/A       95%         3
 Manifold Assault         Tloc           6%         N/A       96%         4
 Airstrike                Air            0%         2d(0-16)  100%        4
 Flame Wave               Conj/Fire      0%         2d4       100%        4
 Olgreb's Toxic Radiance  Pois           0%         N/A       100%        4
 Summon Lightning Spire   Summ/Air       0%         N/A       100%        4
 Fireball                 Conj/Fire      0%         3d3       100%        5
 Conjure Ball Lightning   Conj/Air       0%         3x3d6     100%        6
 Dispersal                Tloc           3%         N/A       100%        6
 Plasma Beam              Fire/Air       0%         2x1d11    100%        6
 Starburst                Conj/Fire      0%         6d3       100%        6
 Summon Cactus Giant      Summ           0%         N/A       100%        6
 Discord                  Hex            0%         N/A       100%        8
 Disjunction              Tloc           3%         N/A       100%        8
 Ignition                 Fire           0%         3d3       100%        8


Dungeon Overview and Level Annotations

Branches:
Dungeon (15/15) Zot: 25694  Temple (1/1) D:5 Zot: 5763    Lair (5/5) D:8 Zot: 22063
  Swamp (0/4) Lair:2       Spider (2/4) Lair:2 Zot: 9827   Slime (0/5) Lair:4
    Orc (2/2) D:9 Zot: 9993     Elf (0/3) Orc:2        Vaults (0/5) D:14
 Depths (0/4) D:15

Altars:
Ashenzari
Cheibriados
Dithmenos
Fedhas
Gozag
Hepliaklqana
Kikubaaqudgha
Makhleb
Nemelex Xobeh
Okawaru
Qazlal
Ru
Sif Muna
Trog
Uskayaw
Vehumet
Wu Jian
Xom
Yredelemnul
Jiyva

Shops:
D:12 *   Orc:2 **!(*!?

Annotations:
D:5 3 runed translucent doors, aeroqp's ghost, novice VSCj
D:8 2 transporters
D:15 Roxanne
Lair:3 1 runed translucent door, Luuwnalu's ghost, journeyman KoHu


Innate Abilities, Weirdness & Mutations

You are immune to poison.
You have sharp fingernails.
Your flesh is cold resistant. (rC+)
You are immune to negative energy. (rN+++)
You do not regenerate when monsters are visible.
You are immune to unholy pain and torment.
You thrive by killing the living.


Message History

You pummel the broodmother!!
The broodmother is severely wounded.
The broodmother bites you but does no damage.
The broodmother bites you!!!
* * * LOW HITPOINT WARNING * * *
You block the wolf spider's attack. x2
You barely miss the broodmother.
The broodmother is severely wounded.
You block the broodmother's attack. The wolf spider hits you.
* * * LOW HITPOINT WARNING * * *
You block the wolf spider's attack.
You punch the broodmother!
The broodmother is severely wounded.
The broodmother closely misses you. You block the wolf spider's attack.
The wolf spider bites you.
* * * LOW HITPOINT WARNING * * *
You punch the broodmother!
The broodmother is severely wounded.
You block the broodmother's attack. The wolf spider hits you!
* * * LOW HITPOINT WARNING * * *
The wolf spider bites you.
* * * LOW HITPOINT WARNING * * *
The broodmother bites you!!
* * * LOW HITPOINT WARNING * * *
A spider bursts forth from the wound!
You pummel the broodmother!!
The broodmother is almost dead.
The broodmother bites you.
* * * LOW HITPOINT WARNING * * *
A spider bursts forth from the wound!
The wolf spider hits you but does no damage.
The wolf spider barely misses you. You block the jumping spider's attack.
The jumping spider closely misses you.
Okay, then.
You pummel the broodmother!!
The broodmother is almost dead.
The broodmother bites you but does no damage.
The wolf spider hits you!
* * * LOW HITPOINT WARNING * * *
The wolf spider completely misses you. You block the jumping spider's attack.
The jumping spider bites you but does no damage.
You feel much better. The broodmother bites you.
* * * LOW HITPOINT WARNING * * *
The wolf spider hits you!
* * * LOW HITPOINT WARNING * * *
The wolf spider bites you but does no damage.
The jumping spider barely misses you.
The jumping spider bites you but does no damage.
The broodmother bites you!!!
You die...

#.## #..................##
### .##
##..................#
##.## ##
#####............#[###...#
#
#..######.......####....#
#..#...##^......###......
#.....####......#........
##....#..####...^.....###
##...#ss.#.##.....####.#
##....@.#..#......##...
##...ss.)........##...#
#................#.....
##.....................
#......^.......#......
####
##....##.....###......
##..#
##.....###..####...#..#
#...###.......#...#
########
#....##..^...##...#


You could see a broodmother (berserk), a wolf spider (summoned), a jumping
spider (summoned) and a redback (summoned).

Vanquished Creatures
  Arachne (Spider:2)
  Gastronok (Lair:2)
  Agnes (D:15)
  4 broodmothers
  Nessos (D:14)
  A bunyip (shapeshifter) (D:14)
  A spark wasp (Spider:2)
  Josephine (D:12)
  2 ettins
  2 entropy weavers (Spider:2)
  3 hydras
  2 two-headed ogres
  A jorogumo (Spider:1)
  A radroach (Spider:1)
  4 centaur warriors
  3 boulder beetles
  3 tengu warriors
  20 death yaks
  4 orc high priests (Orc:2)
  Sonja (D:10)
  3 skysharks
  2 sun moths (Spider:2)
  7 pharaoh ants
  A deep troll (D:15)
  An orb spider (Spider:1)
  3 wizards
  4 steelbarb worms
  2 necromancers
  7 deep elf pyromancers
  4 deep elf zephyrmancers (Orc:2)
  5 orc knights
  A lindwurm (Lair:4)
  4 orc sorcerers
  11 wolf spiders
  29 ugly things
  3 cyclopes
  2 manticores
  13 elephants
  7 black mambas
  3 gargoyles
  3 demonic crawlers (Spider:1)
  13 cane toads
  A torpor snail (Spider:2)
  8 komodo dragons
  An unseen horror (D:13)
  A kobold demonologist (D:12)
  A freezing wraith (D:15)
  A tengu conjurer (D:15)
  4 rime drakes
  A queen bee (Lair:4)
  9 meliai
  2 trolls
  5 hornets (Lair:5)
  11 tarantellas
  6 polar bears
  11 blink frogs
  4 shadows
  4 slime creatures (D:12)
  10 spriggans (Lair:5)
  12 jumping spiders
  25 yaks
  15 culicivoras
  A vampire (D:10)
  8 wyverns
  7 wraiths
  5 basilisks (Lair:4)
  33 redbacks
  3 wargs
  13 vampire mosquitoes
  2 steam dragons
  11 water moccasins
  2 acid dragons
  2 black bears
  An ice beast (D:5)
  20 orc warriors
  6 ogres
  4 boggarts (Lair:5)
  17 centaurs
  26 wolves
  A phantom (D:6)
  A gnoll sergeant (D:9)
  A scorpion (shapeshifter) (D:15)
  A scorpion (D:5)
  11 bullfrogs
  3 wights (D:9)
  36 killer bees
  An electric eel (Lair:2)
  4 howler monkeys
  4 jellies
  18 orc priests
  A hound (D:3)
  3 iguanas
  2 sleepcaps (D:5)
  22 orc wizards
  7 hell rats (Lair:4)
  A mummy (D:15)
  13 adders
  16 gnolls
  2 shadow imps (D:7)
  4 ufetubi
  5 worms
  6 dart slugs
  54 orcs
  6 bats
  12 endoplasms
  2 giant cockroaches
  4 goblins
  9 hobgoblins
  2 jackals (D:4)
  5 quokkas
  3 ball pythons
  A frilled lizard (D:2)
  6 kobolds
  8 rats
  A butterfly (Lair:1)
754 creatures vanquished.

Vanquished Creatures (collateral kills)
  A ghost moth (Spider:2)
  A hydra (Lair:5)
  A pharaoh ant (Spider:2)
  A sun moth (Spider:2)
  2 orb spiders (Spider:2)
  3 wolf spiders (Spider:2)
  A moth of wrath (Spider:2)
  2 elephants (Lair:5)
  A cane toad (Lair:5)
  3 meliai (Spider:2)
  A tarantella (Spider:2)
  3 culicivoras (Spider:2)
  A jumping spider (Spider:2)
  A spriggan (Lair:5)
  2 redbacks (Spider:2)
  A black bear (Lair:5)
  An orc priest (Orc:2)
26 creatures vanquished.

Grand Total: 780 creatures vanquished

Notes
Turn   | Place    | Note
-------+----------+-------------------------------------------
     0 | D:1      | GeoRichter the Ghoul Warper began the quest for the Orb.
     0 | D:1      | Reached XP level 1. HP: 17/17 MP: 2/2
   221 | D:1      | Reached XP level 2. HP: 25/25 MP: 3/3
   395 | D:1      | Reached skill level 3 in Unarmed Combat
   868 | D:2      | Reached XP level 3. HP: 25/30 MP: 4/4
  1271 | D:2      | Reached skill level 4 in Unarmed Combat
  1276 | D:2      | Reached XP level 4. HP: 37/37 MP: 5/5
  1768 | D:3      | Reached skill level 5 in Unarmed Combat
  1793 | D:3      | Reached XP level 5. HP: 36/42 MP: 6/6
  2474 | D:3      | Found a faded altar of an unknown god.
  2549 | D:3      | Found a sparkling altar of Nemelex Xobeh.
  2640 | D:4      | Reached skill level 6 in Unarmed Combat
  2690 | D:4      | Found a sacrificial altar of Ru.
  2703 | D:4      | Identified the +1 pair of boots of Submission {rPois rF+}
  2795 | D:4      | Became a worshipper of Ru the Awakened
  2890 | D:4      | Reached XP level 6. HP: 47/50 MP: 7/7
  3139 | D:5      | Entered Level 5 of the Dungeon
  3182 | D:5      | Reached skill level 7 in Unarmed Combat
  3214 | D:5      | Found a staircase to the Ecumenical Temple.
  3279 | Temple   | Entered the Ecumenical Temple
  3498 | Temple   | Fell from the grace of Ru
  3498 | Temple   | Became a worshipper of Makhleb the Destroyer
  3567 | D:5      | Noticed an ice beast
  3581 | D:5      | Killed an ice beast
  3627 | D:5      | Reached XP level 7. HP: 43/56 MP: 8/8
  3686 | D:5      | Reached skill level 8 in Unarmed Combat
  4334 | D:5      | Found a runed translucent gate.
  4334 | D:5      | Found an opulent altar of Gozag.
  4335 | D:5      | Found a runed translucent gate.
  4336 | D:5      | Found a runed translucent gate.
  4336 | D:5      | Noticed a troll
  4336 | D:5      | Noticed aeroqp's ghost (novice VSCj)
  4851 | D:6      | Reached skill level 9 in Unarmed Combat
  4865 | D:6      | Reached XP level 8. HP: 53/66 MP: 9/9
  5687 | D:7      | Identified the +3 leather armour of the Hall of Blades
                  | {Slay+2}
  5711 | D:7      | Reached skill level 10 in Unarmed Combat
  5724 | D:7      | Reached * piety under Makhleb
  5804 | D:7      | Reached skill level 5 in Fighting
  6201 | D:8      | Noticed a slime creature
  6201 | D:8      | Noticed a cyclops
  6201 | D:8      | Noticed a cyclops
  6202 | D:8      | Noticed a deep elf pyromancer
  6221 | D:8      | Noticed a slime creature
  6221 | D:8      | Noticed a centaur warrior
  6221 | D:8      | Noticed a deep elf pyromancer
  6221 | D:8      | Noticed a wind drake
  6222 | D:8      | Noticed a troll
  6294 | D:8      | Identified the +4 ring mail "Sumytuss" {rElec rCorr MP+9
                  | Str-5}
  6317 | D:8      | Found a transporter.
  6364 | D:8      | Reached skill level 1 in Invocations
  6407 | D:8      | Found a transporter.
  6440 | D:8      | Reached skill level 11 in Unarmed Combat
  6440 | D:8      | Reached XP level 9. HP: 46/74 MP: 10/10
  6744 | D:8      | Found a staircase to the Lair.
  6745 | D:8      | Noticed a komodo dragon
  6771 | D:8      | Killed a komodo dragon
  7468 | D:9      | Noticed a moth of wrath
  7471 | D:9      | Found a bloodstained altar of Trog.
  7533 | D:9      | Reached ** piety under Makhleb
  7536 | D:9      | Reached skill level 12 in Unarmed Combat
  8115 | D:9      | Found a staircase to the Orcish Mines.
  8270 | D:10     | Entered Level 10 of the Dungeon
  8282 | D:10     | Reached XP level 10. HP: 86/86 MP: 12/12
  8284 | D:10     | Reached skill level 1 in Evocations
  8296 | D:10     | Reached skill level 13 in Unarmed Combat
  8440 | D:10     | Noticed a two-headed ogre
  8444 | D:10     | Killed a two-headed ogre
  8862 | D:10     | Noticed Sonja
  8865 | D:10     | Killed Sonja
  8866 | D:10     | Reached skill level 14 in Unarmed Combat
  8866 | D:10     | Reached skill level 5 in Invocations
  9165 | D:10     | Reached XP level 11. HP: 95/95 MP: 12/14
  9830 | D:11     | Noticed a two-headed ogre
  9831 | D:11     | Noticed an ogre mage
 10077 | Lair:1   | Entered Level 1 of the Lair of Beasts
 10095 | Lair:1   | Reached *** piety under Makhleb
 10127 | Lair:1   | Identified the +0 pair of gloves "Sanymn" {rPois}
 10315 | Lair:1   | Reached skill level 15 in Unarmed Combat
 10871 | Lair:1   | Identified the +2 leather armour of the Wasteland {-Tele
                  | rPois Str+3}
 11082 | Lair:2   | Noticed a death yak
 11082 | Lair:2   | Noticed a death yak
 11083 | Lair:2   | Noticed a death yak
 11083 | Lair:2   | Noticed a death yak
 11094 | Lair:2   | Killed a death yak
 11098 | Lair:2   | Noticed a death yak
 11100 | Lair:2   | Noticed a death yak
 11103 | Lair:2   | Killed a death yak
 11104 | Lair:2   | Killed a death yak
 11110 | Lair:2   | Killed a death yak
 11111 | Lair:2   | Reached skill level 10 in Fighting
 11112 | Lair:2   | Killed a death yak
 11115 | Lair:2   | Killed a death yak
 11116 | Lair:2   | Reached XP level 12. HP: 104/106 MP: 16/16
 11227 | Lair:2   | Reached skill level 1 in Throwing
 11227 | Lair:2   | Reached skill level 1 in Armour
 11227 | Lair:2   | Reached skill level 16 in Unarmed Combat
 11499 | Lair:2   | Noticed a death yak
 11507 | Lair:2   | Noticed a death yak
 11510 | Lair:2   | Noticed a death yak
 11721 | Lair:2   | Found a hole to the Spider Nest.
 11824 | Lair:2   | Noticed Gastronok
 11860 | Lair:2   | Killed Gastronok
 11871 | Lair:2   | Killed a death yak
 11877 | Lair:2   | Killed a death yak
 11879 | Lair:2   | Killed a death yak
 11882 | Lair:2   | Noticed a death yak
 11886 | Lair:2   | Reached **** piety under Makhleb
 11896 | Lair:2   | Killed a death yak
 12142 | Lair:2   | Found a staircase to the Swamp.
 12711 | Lair:3   | Reached XP level 13. HP: 116/116 MP: 17/17
 12995 | Lair:3   | Identified the +2 flail of Articulation {antimagic, rPois
                  | rC+ Str+2}
 13074 | Lair:3   | Found a runed translucent door.
 13075 | Lair:3   | Noticed Luuwnalu's ghost (journeyman KoHu)
 13119 | Lair:3   | Reached skill level 5 in Throwing
 13134 | Lair:3   | Reached skill level 5 in Armour
 13276 | Lair:3   | Reached skill level 17 in Unarmed Combat
 13738 | Lair:4   | Identified the +2 scale mail of the Pirate {rPois Regen+
                  | Int-5 SInv}
 14267 | Lair:4   | Found a staircase to the Slime Pits.
 14268 | Lair:4   | Found a viscous altar of Jiyva.
 14394 | Lair:4   | Reached ***** piety under Makhleb
 14938 | Lair:4   | Found an iron altar of Okawaru.
 15759 | Lair:4   | Reached XP level 14. HP: 127/127 MP: 18/18
 16170 | Lair:5   | Entered Level 5 of the Lair of Beasts
 16645 | Lair:5   | Reached skill level 18 in Unarmed Combat
 17796 | Lair:5   | Reached ****** piety under Makhleb
 18279 | Orc:1    | Entered Level 1 of the Orcish Mines
 18592 | Orc:2    | Entered Level 2 of the Orcish Mines
 18612 | Orc:2    | Found Jeucygga's Specific Store.
 18624 | Orc:2    | Found Wyudy's Distillery.
 18760 | Orc:2    | Found Ujiraod's General Store.
 18862 | Orc:2    | Bought a scroll of enchant armour for 120 gold pieces
 19279 | Orc:2    | Found a staircase to the Elven Halls.
 19335 | Orc:2    | Reached XP level 15. HP: 78/138 MP: 19/19
 19885 | Orc:2    | Found Jogoon's General Store.
 19890 | Orc:2    | Found Nuam's Magic Scroll Shop.
 19960 | Orc:2    | Found Sohak's Antique Weapon Shoppe.
 19961 | Orc:2    | Found Idyofy's Distillery.
 19971 | Orc:2    | Bought a potion of curing for 48 gold pieces
 19971 | Orc:2    | Bought a potion of curing for 48 gold pieces
 19971 | Orc:2    | Bought a potion of curing for 48 gold pieces
 19971 | Orc:2    | Bought a potion of curing for 48 gold pieces
 19971 | Orc:2    | Bought a potion of heal wounds for 80 gold pieces
 19979 | Orc:2    | Bought a scroll of blinking for 127 gold pieces
 19979 | Orc:2    | Bought a scroll of blinking for 127 gold pieces
 19981 | Orc:2    | Bought the +2 kite shield of Tartarus {Will+ Regen+ Slay-2}
                  | for 261 gold pieces
 19981 | Orc:2    | Bought a +0 quarterstaff for 56 gold pieces
 19981 | Orc:2    | Bought a potion of heal wounds for 70 gold pieces
 20545 | D:11     | Reached skill level 1 in Shields
 20578 | D:11     | Identified the +1 war axe of Uskayaw's Inspiration {drain,
                  | Str+2 Int+2}
 20718 | D:12     | Noticed Josephine
 20771 | D:12     | Found Muada's General Store.
 20792 | D:12     | Killed Josephine
 20887 | D:12     | Bought a scroll of blinking for 105 gold pieces
 20887 | D:12     | Bought a scroll of blinking for 105 gold pieces
 21913 | D:13     | Identified the +5 ring mail of the Jabberwock {Int+2
                  | Slay+3}
 22481 | D:14     | Reached skill level 19 in Unarmed Combat
 23106 | D:14     | Reached skill level 15 in Fighting
 23121 | D:14     | Reached skill level 5 in Shields
 23127 | D:14     | Identified a scroll of acquirement
 23127 | D:14     | Acquired the ring of Liveho {*Slow rElec rC- EV+5 Str+8}
 23164 | D:14     | Noticed Nessos
 23176 | D:14     | Killed Nessos
 23333 | D:14     | Found a gate to the Vaults.
 23667 | D:15     | Entered Level 15 of the Dungeon
 23682 | D:15     | Reached XP level 16. HP: 134/149 MP: 21/21
 23838 | D:15     | Found a snail-covered altar of Cheibriados.
 23940 | D:15     | Noticed Agnes
 23958 | D:15     | Killed Agnes
 24056 | D:15     | Identified Roxanne's Spellbook of Evolution
 24056 | D:15     | Noticed Roxanne
 24084 | D:15     | Found a staircase to the Depths.
 25061 | Spider:1 | Entered Level 1 of the Spider Nest
 25239 | Spider:1 | Reached skill level 10 in Invocations
 26807 | Spider:2 | Reached XP level 17. HP: 109/158 MP: 24/24
 26894 | Spider:2 | Noticed Arachne
 26900 | Spider:2 | Killed Arachne
 26983 | Spider:2 | Reached skill level 20 in Unarmed Combat
 27031 | Spider:2 | Reached skill level 10 in Armour
 27342 | Spider:1 | Demolished by a broodmother

Illustrated notes

Levels and vault maps discovered:
D:1:      nagdon_arrival_double_spiral, layout_basic, serial_curves,
          eino_curves_04, eino_curves_03, chequers_serial_rivers_micro_b
D:2:      layout_basic, minmay_tromino_i2
D:3:      minmay_evil_eye, layout_basic, amethyst_overflow_temple_binary,
          shapermc_ecumenical_altar_ellora
D:4:      layout_basic, amcnicky_altar_gilded
D:5:      layout_loops_ring, minmay_temple_entry_antechambers,
          ebering_ghost_gozag, grunt_ministairs_12
D:6:      layout_basic
D:7:      layout_basic, kennysheep_small_circle
D:8:      gammafunk_steamed_eel, layout_basic, david_lair_shrubbed, minivault_12
D:9:      layout_long_grid, tgw_trog, minmay_misc_feat_room, skrybe_limestone_x
D:10:     layout_basic, uniq_sonja
D:11:     layout_roguey
D:12:     layout_cave_pods, serial_shops, shop, uniq_josephine
D:13:     layout_roguey
D:14:     layout_basic, david_vaults_4, minivault_11,
          dreamdust_mushroom_princess, zin_scriptorium, uniq_nessos
D:15:     hangedman_depths_entry_civil_slaughter, layout_loops_corners,
          minmay_misc_feat_tiny, slow_altar_2, uniq_roxanne, uniq_agnes
Temple:   mainiacjoe_temple_bowtie_tessellation
Lair:1:   layout_hall_layers, grunt_megastairs_4, lemuel_fruit_fields
Lair:2:   layout_cave_pods, minmay_swamp_entry_swarm,
          hellmonk_spider_entry_life_and_decay, nicolae_lair_grazing_beasts
          [nicolae_sub_lair_graze_edge, nicolae_sub_lair_graze_edge,
          nicolae_sub_lair_graze_edge, nicolae_sub_lair_graze_edge],
          uniq_gastronok
Lair:3:   layout_gridlike, hellmonk_ghost_happy_afterlife, pond
Lair:4:   regret_index_tunnel_blossom, layout_hall_layers,
          nicolae_slime_entry_slimehenge, basic_altar
Lair:5:   minmay_lair_end_enchanted_forest, layout_regular_city,
          lemuel_fruit_tree, infiniplex_staircase_pool
Spider:1: layout_spider_delve
Spider:2: nicolae_spider_broodchamber, hangedman_spider_tarantella_strand,
          uniq_arachne
Orc:1:    layout_diamond_mine
Orc:2:    st_orc_elflike, layout_caves, basic_altar, serial_shops, shop,
          nicolae_specific_store, elves_outpost_lemuel

Skill      XL: |  1  2  3  4  5  6  7  8  9 10 11 12 13 14 15 16 17 |
---------------+----------------------------------------------------+-----
Unarmed Combat | 3 4 5 6 7 9 11 12 14 15 16 17 18 19 20 | 20.0
Fighting       | 3 5 7 8 10 11 12 14 15 16 | 16.3
Invocations    | 1 4 5 7 9 11 12 | 12.5
Evocations     | 3 |  3.0
Throwing       | 4 6 8 |  8.9
Armour         | 4 6 8 9 10 | 10.0
Shields        | 5 7 |  7.0
Dodging        | |  1.7
Spellcasting   | |  1.7
Translocations | |  2.6

Action                     |  1- 3 |  4- 6 |  7- 9 | 10-12 | 13-15 | 16-18 || total
---------------------------+-------+-------+-------+-------+-------+-------++-------
  Melee: Unarmed           |   108 |   158 |   207 |   317 |  1369 |   617 ||  2776
         Punch             |     1 |     5 |    13 |    26 |    93 |       ||   138
  Throw: Dart              |     1 |     6 |     8 |       |       |       ||    15
         Javelin           |       |       |       |       |     5 |     3 ||     8
 Invoke: Minor Destruction |       |       |       |    18 |    36 |    28 ||    82
         Lesser Servant of |       |       |       |       |     6 |     1 ||     7
         Greater Servant o |       |       |       |       |       |     1 ||     1
  Evoke: Wand              |       |       |       |     2 |     3 |     4 ||     9
    Use: Scroll            |       |       |    10 |     8 |    12 |     1 ||    31
         Potion            |       |       |     1 |       |     6 |     4 ||    11
   Stab: Paralysed         |       |       |       |     2 |       |       ||     2
         Distracted        |       |       |       |       |     1 |     2 ||     3
 Armour: Leather armour    |    10 |       |    46 |    15 |       |       ||    71
         Plate armour      |    27 |    87 |    28 |       |       |       ||   142
         Ring mail         |       |       |       |    70 |   767 |   280 ||  1117
  Dodge: Dodged            |    42 |    43 |   102 |   113 |   616 |   364 ||  1280
  Block: Kite shield       |       |       |       |       |   194 |   361 ||   555
